 Dungeon Crawl Stone Soup version 0.31.0-32-g396128a36d (webtiles) character file.

Game seed: 5775941711228188263

31 Nobody9876 the Covered (level 3, -2/33 HPs)
             Began as a Hill Orc Fighter on Mar 20, 2024.
             Slain by a gnoll
             ... wielding a +0 halberd
              (7 damage)
             ... on level 2 of the Dungeon.
             The game lasted 00:01:09 (1248 turns).

Nobody9876 the Covered (Hill Orc Fighter)           Turns: 1248, Time: 00:01:10

Health: -2/33      AC:  7    Str: 20    XL:     3   Next: 22%
Magic:  3/3        EV:  9    Int:  8    God:
Gold:   40         SH:  4    Dex: 10    Spells: 2/2 levels left

rFire   . . .        a - +0 war axe
rCold   . . .        c - +0 buckler
rNeg    . . .        b - +0 scale mail
rPois   .            (no helmet)
rElec   .            (no cloak)
rCorr   .            (no gloves)
SInv    .            (no boots)
Will    .....        (no amulet) Stlth
                     (no ring)
HPRegen 0.25/turn    (no ring)
MPRegen 0.08/turn

%: no passive effects
@: mighty
A: no striking features
a: no special abilities


You were on level 2 of the Dungeon.
You visited 1 branch of the dungeon, and saw 2 of its levels.

You collected 40 gold pieces.

Inventory:

Hand Weapons
 a - a +0 war axe (weapon)
Armour
 b - a +0 scale mail (worn)
 c - a +0 buckler (worn)
Scrolls
 e - a scroll of enchant armour {unknown}
 f - a scroll of identify {unknown}
 g - a scroll of teleportation {unknown}
 j - a scroll of poison {unknown}
 k - a scroll of fear {unknown}
Potions
 h - a potion of curing {unknown}
 i - a potion of magic {unknown}
 l - a potion of lignification {unknown}


   Skills:
 + Level 3.7 Fighting
 + Level 3.4 Axes
 + Level 3.8 Armour
 + Level 3.7 Shields


You had 2 spell levels left.
You didn't know any spells.
Your spell library contained the following spells:

 Spells                   Type           Power      Damage    Failure   Level
 Sandblast                Erth           0%         2d4       83%         1
 Passwall                 Erth           0%         N/A       99%         3
 Stone Arrow              Conj/Erth      0%         3d7       99%         3
 Brom's Barrelling Bould  Conj/Erth      0%         2d3       100%        4


Dungeon Overview and Level Annotations

Branches:
Dungeon (2/15)

Altars:


Message History

You are too injured to fight recklessly!
You are too injured to fight recklessly!
You are too injured to fight recklessly!
You are too injured to fight recklessly!
You are too injured to fight recklessly!
You are too injured to fight recklessly!
You are too injured to fight recklessly!
You are too injured to fight recklessly!
You are too injured to fight recklessly!
You are too injured to fight recklessly!
You are too injured to fight recklessly!
You are too injured to fight recklessly!
You are too injured to fight recklessly!
You are too injured to fight recklessly!
You are too injured to fight recklessly!
You are too injured to fight recklessly!
Sorry, you're not good enough to have a special ability.
You feel very mighty all of a sudden. You block the quokka's attack.
The gnoll barely misses you. The gnoll hits you with a +0 flail.
* * * LOW HITPOINT WARNING * * *
The gnoll misses you. You block the gnoll's attack.
You are too injured to fight recklessly!
You are too injured to fight recklessly!
You slash the gnoll!
The gnoll is heavily wounded.
You miss the quokka. You closely miss the gnoll.
The quokka bites you but does no damage.
You block the gnoll's attack. The gnoll closely misses you. x2
The gnoll hits you with a +0 club.
* * * LOW HITPOINT WARNING * * *
The quokka barely misses you.
You slash the gnoll!
You kill the gnoll!
You hit the goblin.
You kill the goblin!
You barely miss the gnoll. You closely miss the quokka.
The gnoll hits you but does no damage. The gnoll barely misses you.
The gnoll hits you from afar with a +0 halberd!
You die...

#.. .... ... ..
... #. ...#
######.#####!....
.........<.......
..........w......
......r@).##.....
#.....)g..# ####
##....gg..#
#........#
#........#
#........#
#........#
#.?......#


You could see 3 gnolls, a dart slug and a quokka.

Vanquished Creatures
  A gnoll (D:2)
  A dart slug (D:1)
  5 ball pythons (D:1)
  2 endoplasms (D:1)
  A goblin (D:2)
  2 hobgoblins (D:1)
  5 quokkas (D:1)
  6 bats
  2 frilled lizards (D:1)
  3 kobolds (D:1)
28 creatures vanquished.

Notes
Turn   | Place    | Note
-------+----------+-------------------------------------------
     0 | D:1      | Nobody9876 the Hill Orc Fighter began the quest for the
                  | Orb.
     0 | D:1      | Reached XP level 1. HP: 19/19 MP: 1/1
   306 | D:1      | Reached XP level 2. HP: 27/27 MP: 2/2
   837 | D:1      | Reached XP level 3. HP: 31/33 MP: 3/3
  1248 | D:2      | Slain by a gnoll

Illustrated notes

Levels and vault maps discovered:
D:1:      dpeg_cavernosity, layout_basic, nicolae_twisty_statue_hallways
D:2:      layout_rooms, uniq_jessica, uniq_natasha

Skill      XL: |  1  2 |
---------------+-------+-----
Axes           | 3 |  3.4
Fighting       | |  3.7
Armour         | |  3.8
Shields        | |  3.7

Action                     || total
---------------------------++-------
  Melee: War axe           ||    90
    Use: Potion            ||     1
 Armour: Scale mail        ||    93
  Dodge: Dodged            ||    56
  Block: Buckler           ||    27
